 Dungeon Sprint DCSS version 0.31-a0-358-gac0dbeb3ab (webtiles) character file.

Game seed: 17877139977217890683

121 Conn the Firebug (level 5, -8/34 HPs)
             Began as an Octopode Fire Elementalist on July 26, 2023.
             Mangled by a human
             ... wielding a +0 dagger
              (14 damage)
             ... in the Dungeon (Sprint III: "The Ten Rune Challenge").
             The game lasted 00:01:25 (332 turns).

Conn the Firebug (Octopode Fire Elementalist)        Turns: 332, Time: 00:01:26

Health: -8/34      AC:  1    Str:  7    XL:     5   Next: 5%
Magic:  7/12       EV: 14    Int: 19    God:
Gold:   25         SH:  0    Dex: 13    Spells: 3/13 levels left

rFire   . . .        h - +0 dagger
rCold   . . .        (no shield)
rNeg    . . .        (helmet restricted)
rPois   +            (no amulet)
rElec   .            (no ring)
rCorr   .            (no ring)
SInv    .            (no ring)
Will    .....        (no ring)
Stlth   ++++         (no ring)
HPRegen 0.25/turn    (no ring)
MPRegen 0.13/turn    (no ring)
                     (no ring)

%: no teleportation
@: no status effects
A: almost no armour, amphibious, 8 rings, camouflage 1, gelatinous body 1,
(nimble swimmer 1), tentacles, poison resistance, robust 1
a: no special abilities


You were in the Dungeon.
You visited 1 branch You collected 25 gold pieces.

Inventory:

Hand Weapons
 h - a +0 dagger (weapon)
Scrolls
 f - a scroll of blinking
 g - a scroll of revelation {unknown}
 j - 2 scrolls of poison {unknown}
 k - 2 scrolls of identify {unknown}
Potions
 a - 3 potions of magic
 b - a potion of curing
 c - a potion of heal wounds
 d - a potion of haste
 e - a potion of berserk rage
 i - 2 potions of mutation
 l - 2 potions of enlightenment
 m - a potion of invisibility {unknown}


   Skills:
 + Level 3.4 Dodging
 + Level 4.6 Stealth
 + Level 4.7 Spellcasting
 + Level 2.1 Conjurations
 + Level 7.6 Fire Magic


You had 3 spell levels left.
You knew the following spells:

 Your Spells              Type           Power      Damage    Failure   Level
a - Foxfire               Conj/Fire      88%        2x1d8     1%          1
b - Scorch                Fire           66%        2d7       1%          2
c - Inner Flame           Hex/Fire       18%        N/A       9%          3
d - Flame Wave            Conj/Fire      22%        2d8       17%         4

Your spell library contained the following spells:

 Spells                   Type           Power      Damage    Failure   Level
 Volatile Blastmotes      Fire/Tloc      36%        2d13      9%          3


Dungeon Overview and Level Annotations

Branches:
Dungeon (1/1)

Altars:


Innate Abilities, Weirdness & Mutations

You cannot wear most types of armour.
You are amphibious.
You can wear up to eight rings at the same time.
Your skin changes colour to match your surroundings (Stealth+).
Your rubbery body absorbs attacks. (AC +1, EV +1)
((You are camouflaged when in or above water. (Stealth+)))
You have tentacles for arms and can constrict up to eight enemies at once.
Your system is resistant to poisons. (rPois)
You are robust. (+10% HP)


Message History

You hear a shout!
You hear a shout!
You open the door.
A human comes into view.
The human shouts!
You hear a shout!
A human comes into view. It is wielding a +0 dagger.
The human rages.
There is an open door to the Ecumenical Temple here.
Casting: Scorch (safe; 1% risk of failure)
Confirm with . or Enter, or press ? or * to list all spells.
Aiming: Inner Flame (dangerous; 9% risk of failure)
Press: ? - help, Dir - move target, f - human
Aim: a human, wielding a +0 dagger (berserk, chance to affect: 73%)
Okay, then.
Unknown command.
Casting: Inner Flame (dangerous; 9% risk of failure)
Confirm with . or Enter, or press ? or * to list all spells.
Aiming: Inner Flame (dangerous; 9% risk of failure)
Press: ? - help, Dir - move target, f - human
Aim: a human, wearing a +0 robe (strong, chance to affect: 73%)
The human is filled with an inner flame.
The human hits you!
Unknown command.
Casting: Inner Flame (dangerous; 9% risk of failure)
Confirm with . or Enter, or press ? or * to list all spells.
The spell is quite dangerous to miscast (17% risk of failure)!
Continue anyway?
Okay, then.
Unknown command.
Casting: Flame Wave (quite dangerous; 17% risk of failure)
Confirm with . or Enter, or press ? or * to list all spells.
Flames lash the human.
Flame seeps out of the human.
The human is lightly wounded.
The human's fire resistance burns away.
The human is engulfed in blazing flames.
Flame seeps out of the human.
The human hits you!
* * * LOW HITPOINT WARNING * * *
Unknown command.
Unknown command.
The human attacks as you move away! The human hits you with a +0 dagger!
You die...

▓▓▓▓▓▓▓ ▓▓▓ ..#[..####
##.# ..#......#####..#
.##.......#..#..#
#.##.##...#..#..###+#'##
#.##.###†.##'#..#.......
.####.##[.###...@p⌠.....
###..##..####...#p..####
.....##..###....#.⌠.#
##..##...##.....#...#
#..##....#......#+###
..###..##.#.....# ..#
#.. ####....# ▓▓▓ ▓▓▓
▓▓▓▓▓▓


You could see 2 humans.

Vanquished Creatures
  A water elemental (D)
  Jessica (D)
  A human (D)
  A wolf (D)
  2 endoplasms (D)
  A rat (D)
7 creatures vanquished.

Vanquished Creatures (others)
  20 foxfires (D)
20 creatures vanquished.

Grand Total: 27 creatures vanquished

Notes
Turn   | Place    | Note
-------+----------+-------------------------------------------
     0 | D        | Conn the Octopode Fire Elementalist began the quest for the
                  | Orb.
     0 | D        | Reached XP level 1. HP: 11/11 MP: 3/3
    75 | D        | Noticed Jessica
    79 | D        | Killed Jessica
    80 | D        | Reached skill level 5 in Fire Magic
    80 | D        | Reached XP level 2. HP: 17/17 MP: 0/6
    80 | D        | Reached XP level 3. HP: 21/21 MP: 0/7
    88 | D        | Learned a level 2 spell: Scorch
    92 | D        | Learned a level 3 spell: Inner Flame
   246 | D        | Reached skill level 6 in Fire Magic
   246 | D        | Reached XP level 4. HP: 27/27 MP: 6/9
   254 | D        | Learned a level 4 spell: Flame Wave
   265 | D        | Gained mutation: Your muscles are strong. (Str +4, Int/Dex
                  | -1) [potion of mutation]
   265 | D        | Lost mutation: Your muscles are strong. (Str +4, Int/Dex
                  | -1) [potion of mutation]
   265 | D        | Gained mutation: You possess an exceptional clarity of
                  | mind. [potion of mutation]
   266 | D        | Lost mutation: You possess an exceptional clarity of mind.
                  | [potion of mutation]
   266 | D        | Gained mutation: Your system is resistant to poisons.
                  | (rPois) [potion of mutation]
   266 | D        | Gained mutation: You are robust. (+10% HP) [potion of
                  | mutation]
   278 | D        | Noticed a water elemental
   280 | D        | Killed a water elemental
   281 | D        | Reached skill level 7 in Fire Magic
   281 | D        | Reached XP level 5. HP: 34/34 MP: 6/12
   328 | D        | Noticed a human
   328 | D        | Noticed a human
   332 | D        | Mangled by a human

Illustrated notes

Levels and vault maps discovered:
D:        dungeon_sprint_mu [sprint_mu_entry_cave, sprint_mu_temple_rooms,
          sprint_mu_d1_horrors, sprint_mu_d2_genie, sprint_mu_d3_branching,
          sprint_mu_orc_legion, sprint_mu_elf_gauntlet, sprint_mu_hive_nellie,
          sprint_mu_lair_fedhas, sprint_mu_vaults_butterflies,
          sprint_mu_slime_circle, sprint_mu_shoals_kraken,
          sprint_mu_snake_twists, sprint_mu_blade_basic,
          sprint_mu_crypt_chambers, sprint_mu_tomb_spiral,
          sprint_mu_vestibule_basic, sprint_mu_gehenna_hellfire,
          sprint_mu_dis_giant, sprint_mu_tartarus_statrot,
          sprint_mu_cocytus_islands, sprint_mu_zot1]

Skill      XL: |  1  2  3  4 |
---------------+-------------+-----
Stealth        | 3 4 |  4.6
Spellcasting   | 3 4 |  4.7
Fire Magic     | 5 6 7 |  7.6
Dodging        | 3 |  3.4
Conjurations   | 2 |  2.1

Action                     |  1- 3 |  4- 6 || total
---------------------------+-------+-------++-------
  Melee: Dagger            |     1 |       ||     1
         Constrict         |     1 |       ||     1
         Tentacles         |     1 |       ||     1
   Cast: Foxfire           |    11 |       ||    11
         Scorch            |     3 |     3 ||     6
         Inner Flame       |       |     1 ||     1
    Use: Potion            |       |     2 ||     2
  Dodge: Dodged            |     1 |       ||     1

Table legend: (Time is in decaauts)
 A = Elapsed time spent in this place.
 B = Non-inter-level travel time spent in this place.
 C = Inter-level travel time spent in this place.
 D = Time resting spent in this place.
 E = Time spent auto-exploring this place.
 F = Levels seen in this place.
 G = Mean time per level.
                   A        B        C        D        E       F      G
               +--------+--------+--------+--------+--------+-----+--------+
         Total |    331 |    331 |      0 |    168 |     48 |   1 |  331.0 |
       Dungeon |    331 |    331 |      0 |    168 |     48 |   1 |  331.0 |
               +--------+--------+--------+--------+--------+-----+--------+

Top non-repeatable levels by time:
       D: 331 daAuts
